Map: Shadowed Jungle

Players

Loken - Winner!

  • Race: Protoss Protoss
  • League: Platinum
  • Spawn Location: 7:00

dallaskuken - Winner!

  • Race: Protoss Protoss
  • League: Platinum
  • Spawn Location: 5:00

Purplesmurf

  • Race: Zerg Zerg
  • League: Platinum
  • Spawn Location: 1:00

SimAsS

  • Race: Terran Terran
  • Spawn Location: 11:00

VOD

Have the link to the VOD?

Description

Time

  • Played on: April 6, 2017, 7:24 a.m.
  • Length: 18:18
Show
View Real Time Build Order
Export as new Build Order

Loken Protoss - Winner!

Build Orders: Dark Templar Rush 

Get SALT Encoding   

  12  0:01  Probe (Chrono Boost)  
  13  0:12  Probe (Chrono Boost)  
  14  0:23  Pylon  
  14  0:24  Probe (Chrono Boost)  
  15  0:41  Probe (Chrono Boost)  
  15  0:42  Gateway  
  16  0:50  Assimilator  
  16  0:52  Probe (Chrono Boost)  
  17  1:02  Probe (Chrono Boost)  
  18  1:13  Probe (Chrono Boost)  
  19  1:23  Probe (Chrono Boost)  
  20  1:28  Pylon  
  20  1:29  Cybernetics Core  
  20  1:36  Gateway  
  20  1:40  Probe (Chrono Boost)  
  20  1:42  Assimilator  
  20  1:46  Zealot  
  23  1:51  Probe (Chrono Boost)  
  24  1:58  Pylon  
  25  2:01  Probe (Chrono Boost)  
  25  2:11  Twilight Council  
  25  2:16  Zealot  
  25  2:17  Warp Gate  
  27  2:23  Zealot  
  27  2:25  Probe (Chrono Boost)  
  30  2:47  Zealot  
  32  2:57  Dark Shrine  
  32  3:07  Stalker  
  34  3:15  Nexus  
  34  3:35  Pylon  
  34  3:56  Pylon  
  34  4:01  Probe (Chrono Boost)  
  35  4:12  Probe (Chrono Boost)  
  36  4:21  Dark Templar x2  
  40  4:44  Probe (Chrono Boost)  
  37  4:55  Probe (Chrono Boost)  
  37  4:56  Dark Templar x2  
  40  5:05  Probe (Chrono Boost)  
  41  5:15  Probe (Chrono Boost)  
  41  5:16  Probe (Chrono Boost)  
  43  5:26  Probe x2 (Chrono Boost)  
  45  5:36  Probe (Chrono Boost)  
  46  5:47  Probe (Chrono Boost)  
  37  5:57  Dark Templar  
  31  6:14  Probe (Chrono Boost)  
  32  6:18  Zealot  
  32  6:24  Gateway  
  32  6:25  Gateway x2, Probe (Chrono Boost)  
  33  6:33  Assimilator  
  33  6:35  Probe (Chrono Boost)  
  33  6:36  Assimilator  
  33  6:39  Probe (Chrono Boost)  
  35  6:44  Stalker  
  35  6:45  Stalker  
  35  6:46  Probe (Chrono Boost)  
  40  6:49  Probe (Chrono Boost)  
  41  6:56  Probe (Chrono Boost)  
  41  7:00  Probe (Chrono Boost)  
  43  7:07  Probe (Chrono Boost)  
  44  7:10  Probe (Chrono Boost)  
  45  7:17  Probe (Chrono Boost)  
  45  7:18  Stargate  
  45  7:21  Stargate, Probe (Chrono Boost)  
  47  7:28  Probe (Chrono Boost)  
  48  7:31  Probe (Chrono Boost)  
  49  7:38  Probe (Chrono Boost)  
  49  7:39  Zealot x4  
  49  7:40  Zealot  
  49  7:42  Probe (Chrono Boost)  
  61  7:49  Probe (Chrono Boost)  
  62  7:52  Probe (Chrono Boost)  
  60  7:59  Probe (Chrono Boost)  
  60  8:03  Probe (Chrono Boost)  
  56  8:10  Probe (Chrono Boost)  
  57  8:13  Probe (Chrono Boost)  
  57  8:17  Forge  
  58  8:20  Probe (Chrono Boost)  
  58  8:24  Probe (Chrono Boost)  
  48  8:48  Dark Templar x3  
  48  8:53  Dark Templar x2  
  51  9:01  Photon Cannon  
  46  9:10  Pylon  
  46  9:17  Pylon  
  46  9:21  Pylon, Void Ray  
  46  9:41  Dark Templar x2  
  42  10:08  Void Ray  
  42  10:27  Probe (Chrono Boost)  
  42  10:31  Dark Templar x2  
  35  10:37  Probe (Chrono Boost)  
  36  10:44  Forge  
  36  10:48  Probe (Chrono Boost)  
  37  10:59  Probe (Chrono Boost)  
  36  11:23  Photon Cannon  
  36  11:35  Void Ray  
  36  11:36  Nexus  
  36  11:38  Pylon  
  40  12:06  Photon Cannon  
  41  12:08  Probe (Chrono Boost)  
  41  12:10  Dark Templar  
  41  12:11  Dark Templar  
  45  12:19  Probe (Chrono Boost)  
  46  12:25  Photon Cannon  
  46  12:29  Probe (Chrono Boost)  
  43  12:38  Fleet Beacon  
  43  12:40  Probe (Chrono Boost)  
  43  12:42  Cybernetics Core  
  43  12:50  Probe (Chrono Boost)  
  44  13:01  Probe (Chrono Boost)  
  45  13:11  Probe (Chrono Boost)  
  42  13:22  Probe (Chrono Boost)  
  43  13:29  Tempest  
  49  13:34  Robotics Facility  
  49  13:38  Probe (Chrono Boost)  
  50  13:43  Probe (Chrono Boost)  
  50  13:47  Probe (Chrono Boost)  
  52  13:48  Probe (Chrono Boost)  
  52  13:53  Probe (Chrono Boost)  
  52  13:54  Assimilator  
  54  13:56  Dark Templar x2  
  54  13:57  Assimilator  
  54  13:58  Probe (Chrono Boost)  
  54  13:59  Probe (Chrono Boost)  
  60  14:04  Pylon, Probe (Chrono Boost)  
  60  14:06  Pylon  
  60  14:08  Probe (Chrono Boost)  
  63  14:10  Probe (Chrono Boost)  
  63  14:14  Probe (Chrono Boost)  
  64  14:19  Probe (Chrono Boost)  
  64  14:20  Probe (Chrono Boost)  
  66  14:25  Probe (Chrono Boost)  
  66  14:26  Tempest  
  66  14:28  Observer  
  66  14:29  Probe (Chrono Boost)  
  66  14:31  Probe (Chrono Boost)  
  76  14:33  Stargate  
  76  14:34  Stargate  
  76  14:35  Probe (Chrono Boost)  
  77  14:38  Pylon  
  77  14:41  Probe (Chrono Boost)  
  78  14:46  Probe (Chrono Boost)  
  78  14:48  Probe (Chrono Boost)  
  78  14:52  Probe (Chrono Boost)  
  81  14:56  Probe (Chrono Boost)  
  81  14:58  Probe (Chrono Boost)  
  84  15:00  Observer  
  84  15:02  Probe (Chrono Boost)  
  84  15:03  Protoss Air Weapons Level 1  
  86  15:07  Probe (Chrono Boost)  
  86  15:09  Probe (Chrono Boost)  
  87  15:19  Tempest x2  
  99  15:21  Tempest  
  99  16:02  Tempest x2  
  101  16:20  Probe (Chrono Boost)  
  102  16:29  Tempest  
  102  16:31  Probe (Chrono Boost)  
  109  16:41  Probe (Chrono Boost)  
  109  16:42  Pylon  
  109  16:43  Pylon  
  109  16:44  Pylon, Tempest  
  116  16:52  Probe (Chrono Boost)  
  117  17:00  Tempest  
  122  17:02  Probe (Chrono Boost)  
  123  17:12  Tempest  
Show
View Real Time Build Order
Export as new Build Order

dallaskuken Protoss - Winner!

Build Orders: Oracle Opening 

Get SALT Encoding   

  12  0:01  Probe (Chrono Boost)  
  13  0:11  Probe (Chrono Boost)  
  14  0:20  Pylon  
  14  0:23  Probe (Chrono Boost)  
  15  0:39  Probe (Chrono Boost)  
  16  0:49  Probe (Chrono Boost)  
  17  0:53  Gateway  
  17  0:57  Assimilator  
  17  1:00  Probe (Chrono Boost)  
  18  1:08  Assimilator  
  18  1:10  Probe (Chrono Boost)  
  19  1:21  Probe (Chrono Boost)  
  20  1:30  Pylon  
  20  1:31  Probe (Chrono Boost)  
  21  1:42  Cybernetics Core, Probe (Chrono Boost)  
  22  1:48  Pylon  
  22  1:52  Probe (Chrono Boost)  
  23  1:55  Zealot  
  25  2:03  Probe (Chrono Boost)  
  26  2:13  Probe (Chrono Boost)  
  27  2:20  Stargate  
  27  2:24  Mothership Core (Chrono Boost)  
  29  2:35  Sentry  
  31  2:43  Probe (Chrono Boost)  
  32  2:50  Pylon  
  32  2:53  Probe (Chrono Boost)  
  33  3:20  Nexus  
  33  3:21  Pylon  
  33  3:23  Pylon  
  33  3:32  Forge, Oracle  
  36  3:43  Probe (Chrono Boost)  
  37  3:53  Stalker, Probe (Chrono Boost)  
  40  3:57  Warp Gate  
  40  4:04  Probe (Chrono Boost)  
  41  4:14  Probe (Chrono Boost)  
  42  4:19  Photon Cannon  
  42  4:23  Photon Cannon  
  42  4:45  Void Ray  
  42  4:47  Probe (Chrono Boost)  
  47  4:55  Stalker  
  47  4:58  Probe (Chrono Boost)  
  50  5:04  Stargate  
  50  5:06  Stargate  
  50  5:08  Probe (Chrono Boost)  
  50  5:11  Assimilator  
  51  5:14  Assimilator  
  51  5:19  Probe (Chrono Boost)  
  52  5:25  Stalker  
  54  5:30  Probe (Chrono Boost)  
  55  5:40  Probe (Chrono Boost)  
  56  5:51  Probe (Chrono Boost)  
  57  6:00  Void Ray  
  57  6:01  Probe (Chrono Boost), Void Ray  
  66  6:12  Probe (Chrono Boost)  
  66  6:15  Pylon, Void Ray  
  66  6:16  Pylon  
  71  6:22  Probe (Chrono Boost)  
  72  6:50  Void Ray  
  72  6:51  Void Ray  
  80  7:03  Fleet Beacon  
  80  7:53  Carrier x2  
  92  8:34  Pylon  
  92  8:36  Pylon  
  92  8:38  Pylon  
  92  8:52  Void Ray  
  92  9:18  Carrier  
  90  9:43  Carrier x2  
  92  10:08  Probe (Chrono Boost)  
  93  10:18  Probe (Chrono Boost)  
  93  10:21  Nexus  
  91  10:29  Probe (Chrono Boost)  
  98  10:39  Probe (Chrono Boost)  
  98  10:42  Pylon x2  
  99  10:44  Carrier  
  99  10:48  Protoss Air Weapons Level 1  
  105  10:50  Zealot  
  107  10:57  Pylon  
  107  11:09  Carrier, Probe (Chrono Boost)  
  114  11:18  Carrier  
  114  11:19  Probe (Chrono Boost)  
  121  11:30  Probe (Chrono Boost)  
  122  11:41  Probe (Chrono Boost)  
  123  11:51  Probe (Chrono Boost)  
  123  11:52  Robotics Facility  
  124  11:56  Probe (Chrono Boost)  
  124  11:59  Assimilator  
  125  12:03  Assimilator  
  125  12:06  Probe (Chrono Boost)  
  126  12:10  Carrier  
  132  12:17  Probe (Chrono Boost)  
  133  12:24  Protoss Shields Level 1  
  133  12:34  Carrier  
  139  12:42  Protoss Air Armor Level 1  
  139  13:29  Carrier  
  145  13:36  Observer  
  134  15:01  Protoss Air Weapons Level 2  
  134  15:04  Carrier x2  
  134  15:05  Carrier  
  152  16:04  Pylon  
  152  16:06  Pylon  
  152  16:07  Pylon  
  148  16:30  Carrier x3  
  126  17:43  Nexus  
  126  17:45  Pylon  
  126  17:48  Pylon  
Show
View Real Time Build Order
Export as new Build Order

Purplesmurf Zerg 

Build Orders: Hatch First 

Get SALT Encoding   

  12  0:02  Drone  
  13  0:13  Overlord  
  13  0:21  Drone  
  14  0:31  Drone x2  
  16  0:37  Drone  
  17  0:46  Drone  
  18  1:00  Hatchery  
  18  1:03  Drone  
  18  1:07  Extractor  
  17  1:13  Drone  
  18  1:21  Spawning Pool  
  18  1:24  Drone  
  18  1:35  Drone  
  19  1:41  Overlord  
  19  1:59  Drone  
  20  2:08  Queen  
  20  2:10  Zergling x2  
  20  2:13  Zergling x2  
  24  2:16  Queen, Drone  
  24  2:20  Metabolic Boost  
  27  2:24  Drone x2  
  29  2:34  Drone x2  
  31  2:44  Queen  
  31  2:47  Overlord  
  33  2:54  Queen  
  33  2:58  Drone  
  36  3:08  Drone x4  
  40  3:21  Lair  
  40  3:25  Drone x4  
  44  3:29  Overlord  
  44  3:32  Extractor  
  44  3:34  Extractor  
  42  3:47  Evolution Chamber  
  40  3:49  Drone x5  
  40  3:50  Evolution Chamber  
  40  3:54  Extractor  
  42  3:56  Overlord  
  42  4:12  Hatchery  
  41  4:22  Zerg Melee Weapons Level 1  
  41  4:23  Infestation Pit  
  35  4:35  Drone x7  
  40  4:40  Spore Crawler  
  39  4:46  Spore Crawler  
  39  4:47  Drone  
  39  4:54  Spine Crawler  
  38  5:00  Spine Crawler  
  38  5:06  Overseer  
  37  5:08  Zergling x4  
  37  5:13  Drone x2  
  41  5:25  Drone  
  41  5:26  Drone x4  
  41  5:28  Drone  
  45  5:37  Zergling x6  
  45  5:38  Zergling x2  
  47  5:45  Zergling x4  
  47  5:58  Zergling x6  
  47  5:59  Zergling x2  
  47  6:03  Drone x2  
  52  6:13  Baneling Nest  
  52  6:15  Zergling x4  
  52  6:16  Zergling x2  
  54  6:24  Drone x4  
  56  6:35  Spine Crawler, Drone  
  56  6:36  Spore Crawler  
  55  6:40  Drone x2  
  57  6:47  Drone x2  
  57  6:48  Drone  
  57  6:50  Drone  
  57  6:53  Overlord  
  61  7:05  Drone  
  61  7:06  Drone x3  
  65  7:12  Drone  
  65  7:13  Drone x5  
  65  7:15  Drone  
  69  7:31  Overseer, Hydralisk Den  
  69  7:36  Spore Crawler  
  67  7:40  Spore Crawler  
  67  7:42  Spawning Pool  
  65  7:47  Extractor  
  65  7:49  Extractor  
  60  8:07  Hydralisk  
  60  8:08  Hydralisk x5  
  60  8:09  Infestation Pit  
  71  8:16  Overlord x3  
  71  8:26  Overlord x2  
  67  8:46  Hydralisk x4  
  75  8:53  Hydralisk x3  
  75  8:54  Hydralisk  
  69  9:16  Spore Crawler  
  64  9:17  Overlord x3, Spore Crawler  
  64  9:18  Overlord  
  42  9:41  Drone  
  41  9:48  Hydralisk x2  
  41  9:49  Hydralisk x3  
  41  9:52  Drone x2  
  53  9:59  Pathogen Glands  
  53  10:24  Queen  
  55  10:36  Hatchery, Extractor  
  55  10:40  Hatchery  
  52  10:42  Extractor  
  51  10:51  Drone x7  
  51  10:55  Neural Parasite  
  58  11:00  Drone x4  
  62  11:09  Baneling Nest  
  61  11:14  Overlord x2  
  61  11:16  Hydralisk  
  63  11:27  Evolution Chamber  
  63  11:31  Evolution Chamber  
  61  11:34  Hydralisk x3  
  67  11:41  Muscular Augments  
  67  11:45  Drone  
  67  11:46  Drone x2  
  70  11:51  Drone x2  
  70  11:52  Drone  
  73  11:59  Hydralisk x2  
  77  12:05  Drone x4  
  81  12:10  Drone x3  
  81  12:14  Hydralisk  
  81  12:15  Hydralisk x4  
  90  12:17  Overlord x4  
  90  12:21  Infestor x3  
  100  12:25  Burrow  
  100  12:42  Hydralisk  
  100  12:43  Hydralisk x3  
  96  12:54  Infestor  
  96  13:03  Drone x3  
  99  13:06  Drone  
  99  13:07  Drone x2, Extractor  
  101  13:15  Drone x3  
  101  13:16  Infestor x2  
  108  13:22  Overlord  
  108  13:23  Overlord x2  
  108  13:24  Zerg Missile Weapons Level 1  
  108  13:28  Queen  
  108  13:29  Queen  
  108  13:32  Infestor  
  114  13:51  Infestor x2  
  114  13:55  Overlord x3  
  118  13:56  Zergling x6  
  118  13:57  Zergling x10  
  126  14:03  Hydralisk x2  
  130  14:12  Drone x6  
  130  14:15  Overlord x3  
  93  14:31  Hydralisk  
  93  14:32  Hydralisk x5  
  93  14:36  Pneumatized Carapace  
  93  14:37  Hydralisk  
  85  14:56  Hydralisk  
  85  14:57  Hydralisk x10  
  105  15:04  Infestor x2  
  96  15:28  Infestor  
  96  15:29  Infestor  
  96  15:31  Spore Crawler  
  96  15:33  Spore Crawler  
  90  15:41  Hydralisk  
  90  15:42  Hydralisk  
  70  16:01  Hydralisk x2  
  48  17:10  Drone x3  
  51  17:28  Hatchery  
  50  17:37  Extractor  
  49  17:42  Extractor  
  48  17:50  Extractor  
  48  17:51  Hatchery  
Show
View Real Time Build Order
Export as new Build Order

SimAsS Terran 

Build Orders: MMM Bio 

Get SALT Encoding   

  12  0:00  SCV  
  13  0:13  SCV  
  14  0:18  Supply Depot  
  14  0:25  SCV  
  15  0:40  SCV  
  15  0:42  Barracks  
  16  0:49  Refinery  
  16  0:52  SCV  
  17  1:04  SCV  
  18  1:16  SCV  
  19  1:34  Command Center  
  19  1:39  Orbital Command  
  19  1:44  Barracks Reactor  
  19  1:53  Supply Depot  
  19  1:59  Refinery  
  19  2:09  Factory  
  19  2:13  SCV  
  20  2:21  Marine  
  20  2:22  Marine  
  22  2:25  SCV  
  23  2:38  SCV  
  23  2:40  Marine x2  
  26  2:46  Orbital Command  
  26  2:55  Starport  
  26  2:58  Factory Tech Lab  
  26  3:00  Marine  
  26  3:03  Marine  
  28  3:05  SCV  
  28  3:12  SCV  
  30  3:18  Engineering Bay  
  30  3:24  SCV  
  30  3:25  SCV  
  32  3:31  Siege Tank  
  35  3:35  Medivac  
  35  3:39  SCV x2  
  39  3:47  Supply Depot  
  39  3:49  Marine  
  39  3:50  Marine  
  39  3:51  SCV  
  42  3:57  SCV  
  43  4:03  SCV  
  44  4:13  Medivac  
  46  4:21  SCV x2  
  46  4:22  Terran Infantry Weapons Level 1  
  48  4:24  Barracks  
  48  4:27  Missile Turret  
  48  4:28  Barracks  
  48  4:31  Marine  
  49  4:32  Stimpack  
  49  4:33  SCV x2  
  51  4:52  Missile Turret  
  51  5:07  Missile Turret  
  51  5:10  SCV x2, Supply Depot  
  51  5:11  Supply Depot x2  
  51  5:13  Starport Reactor  
  53  5:16  Supply Depot  
  53  5:17  Barracks Reactor  
  53  5:21  Barracks Reactor, Supply Depot  
  53  5:22  Supply Depot  
  53  5:28  Missile Turret x2  
  53  5:30  Armory  
  53  5:31  Widow Mine x2  
  53  6:14  SCV x2  
  53  6:16  Refinery x2  
  55  6:18  Command Center  
  55  6:20  Widow Mine, Marine x5  
  55  6:21  Widow Mine  
  55  6:22  Medivac x2  
  68  6:26  SCV  
  68  6:29  Terran Infantry Weapons Level 2  
  64  6:50  Missile Turret  
  64  6:54  Marine x4  
  64  6:55  Marine  
  64  6:56  SCV x2  
  71  7:01  Engineering Bay  
  71  7:08  SCV x2  
  71  7:12  Marine x5  
  78  7:16  Combat Shields  
  78  7:29  Marine  
  78  7:30  Marine x3  
  82  7:42  Terran Vehicle Weapons Level 1  
  82  7:43  Factory  
  82  7:44  Factory  
  73  8:11  Marine x4  
  73  8:12  Widow Mine x2, Marine  
  77  8:13  Medivac x2  
  77  8:18  Planetary Fortress  
  85  8:22  Missile Turret  
  85  8:29  Marine x2  
  85  9:07  Marine x5  
  90  9:24  Marine  
  90  9:25  Marine x2  
  90  9:30  Marine x2  
  93  9:42  Marine x2  
  93  9:43  Marine  
  88  10:05  SCV x2  
  88  10:06  Marine, Medivac x2  
  94  10:07  Marine x2  
  94  10:08  Factory Tech Lab  
  94  10:09  Factory Tech Lab  
  94  10:11  SCV  
  96  10:17  SCV  
  96  10:18  SCV  
  96  10:23  SCV  
  95  10:29  SCV  
  95  10:30  SCV  
  95  10:31  Refinery  
  95  10:33  Refinery  
  97  10:35  SCV  
  97  10:42  SCV x2  
  100  10:48  SCV, Starport  
  100  10:49  Starport  
  101  10:51  Starport  
  101  10:54  SCV x2  
  103  10:57  Widow Mine, Siege Tank x2  
  103  10:58  Widow Mine  
  103  11:00  SCV, Marine x3  
  117  11:07  Command Center  
  117  11:11  Terran Infantry Armor Level 1  
  117  11:17  Terran Infantry Weapons Level 3, Marine  
  117  11:18  SCV x3  
  121  11:29  Starport Tech Lab x3  
  121  11:31  Raven  
  123  11:38  Marine x4  
  127  11:44  Supply Depot  
  127  11:45  Supply Depot  
  127  11:46  SCV x3  
  119  12:36  SCV x3  
  122  12:39  Raven x3  
  122  12:40  Raven  
  122  12:41  Marine x4  
  122  12:42  Marine x2  
  136  12:48  SCV x2  
  136  12:49  SCV  
  139  12:53  Widow Mine x2  
  139  12:54  Widow Mine x2  
  139  12:58  Missile Turret  
  147  12:59  Marine x5  
  147  13:00  SCV x2, Marine  
  143  13:17  Marine  
  137  13:22  Widow Mine x2  
  137  13:27  Raven x4  
  137  13:28  Marine x4  
  137  13:32  Marine  
  149  13:34  Marine  
  149  13:35  Widow Mine x2  
  149  13:36  Missile Turret  
  149  13:37  Missile Turret  
  149  13:38  Infernal Pre-Igniter  
  154  13:45  Refinery x2  
  154  13:46  Marine x2  
  156  13:51  Recalibrated Explosives  
  156  13:53  Corvid Reactor  
  150  14:03  Supply Depot x2  
  150  14:04  SCV x2  
  150  14:05  SCV, Supply Depot  
  125  14:44  Marine x5  
  125  14:45  Marine  
  122  14:57  Raven x4  
  124  15:01  Marine  
  124  15:02  Marine x5  
  124  15:05  Barracks  
  124  15:06  Barracks  
  130  15:11  Barracks  
  130  15:13  Barracks  
  130  15:16  Widow Mine x4  
  130  15:19  Planetary Fortress, Marine  
  130  15:20  Marine x2  
  141  15:36  Marine  
  141  15:37  Marine x4  
  141  15:39  Raven  
  141  15:40  Raven x3  
  141  15:41  Supply Depot  
  124  16:25  Widow Mine  
  124  16:26  Widow Mine x3  
  117  16:53  Marine x5  
  117  16:54  Marine x3  
  99  17:10  Marine  
  99  17:11  Marine x3  
  99  17:13  Marine x4  
  104  17:21  Marine x2  
  104  17:22  Raven x3  
  107  17:23  Raven  
  107  17:28  Marine x2  
  107  17:29  Marine x2  
  117  17:30  Marine  
  117  17:31  Marine x3  
  105  17:52  Command Center  
Tags
 
Add a new tag
Caveats
  • Supply blocks, unpowered buildings, or Contaminate may cause inaccurate times.
  • Supply counts are checked every 10 seconds.